 Dungeon Crawl Stone Soup version 0.31.0-4-g52a2dc7128 (webtiles) character file.

Game seed: 1841928552589422843

1698174 Jannitor the Hoplite (level 27, 234/234 HPs)
             Began as a Hill Orc Reaver on Jan 20, 2024.
             Was an Initiate of Gozag.
             Escaped with the Orb
             ... and 3 runes on Jan 21, 2024!
             The game lasted 03:00:47 (68349 turns).

Jannitor the Hoplite (Hill Orc Reaver)             Turns: 68349, Time: 03:00:47

Health: 234/234    AC: 44    Str: 26    XL:     27
Magic:  10/10      EV: 15    Int: 19    God:    Gozag
Gold:   797        SH: 31    Dex: 17    Spells: 28/29 levels left

rFire   + + +        g - +3 broad axe (antimagic)
rCold   + + .        o - +6 tower shield {rF+}
rNeg    . . .        Q - +6 plate armour of the Well-Known Curses {rElec rF+ MP+9}
rPois   +            P - +0 helmet of Lyssiusm {rC+ Will+ Regen+}
rElec   +            F - +4 dragonskin cloak
rCorr   +            a - +2 pair of gloves {Dex+3}
SInv    +            H - +0 pair of boots of Jehucoti {+Inv rF+ Regen+ Int+2}
Will    ++++.        r - amulet of Okawaru, Mashing {rPois Regen+} Stlth
                     c - ring of the Bursting Ancients {Fly Will+}
HPRegen 2.99/turn    O - ring of Desertification {+Blink rPois AC+4 Dex+4 SInv}
MPRegen 0.12/turn

%: clarity
@: mighty, resistant, flying, studying 2 skills, bribing [the Dungeon]
A: iridescent scales 1, clarity, clever 1, frail 1, low MP 1, screaming 1
0: Orb of Zot
}: 3/15 runes: serpentine, barnacled, silver
a: Renounce Religion, Evoke Blink, Evoke Invisibility, Potion Petition, Call
Merchant, Bribe Branch


You escaped.
You worshipped Gozag.
Gozag was pleased with you.
You visited 9 branches of the dungeon, and saw 47 of its levels.
You also visited: Ossuary, Gauntlet and Desolation.

You collected 31070 gold pieces.
You spent 12469 gold pieces at shops.
You paid 17804 gold pieces to Gozag.

Inventory:

Hand Weapons
 g - a +3 antimagic broad axe (weapon)
 t - a +9 broad axe of draining
Missiles
 j - 8 throwing nets
 w - 8 curare-tipped darts
 J - 26 javelins
 L - 12 silver javelins (quivered)
Armour
 a - a +2 pair of gloves of dexterity (worn)
 o - a +6 tower shield of fire resistance (worn)
 F - the +4 dragonskin cloak (worn)
   (You found it on level 4 of the Realm of Zot)

   Avatar's Aegis: It grants the wearer a chance to resist fire, cold, poison,
   electricity, acid, and negative energy.
 H - the +0 pair of boots of Jehucoti (worn) {+Inv rF+ Regen+ Int+2}
   (You found it on level 3 of the Elven Halls)

   Int+2:     It affects your intelligence (+2).
   rF+:       It protects you from fire.
   +Inv:      It lets you turn invisible.
   Regen+:    It increases your rate of health regeneration.
 P - the +0 helmet of Lyssiusm (worn) {rC+ Will+ Regen+}
   (You found it on level 3 of the Depths)

   rC+:       It protects you from cold.
   Will+:     It increases your willpower.
   Regen+:    It increases your rate of health regeneration.
 Q - the +6 plate armour of the Well-Known Curses (worn) {rElec rF+ MP+9}
   (You bought it in a shop on level 1 of the Vaults)

   rF+:       It protects you from fire.
   rElec:     It insulates you from electricity.
   MP+9:      It affects your magic capacity (+9).
Jewellery
 c - the ring of the Bursting Ancients (left hand) {Fly Will+}
   (You bought it in a shop on level 4 of the Snake Pit)

   [ring of flight]

   Will+:     It increases your willpower.
   Fly:       It grants you flight.
 n - a ring of resist corrosion
 r - the amulet of Okawaru, Mashing (around neck) {rPois Regen+}
   (You found it on level 6 of the Dungeon)

   [amulet of regeneration]

   rPois:     It protects you from poison Regen+: It increases your rate of
   health regeneration.
 I - a ring of positive energy
 O - the ring of Desertification (right hand) {+Blink rPois AC+4 Dex+4 SInv}
   (You found it in the Desolation of Salt)

   [ring of protection]

   AC+4:      It affects your AC (+4).
   Dex+4:     It affects your dexterity (+4).
   rPois:     It protects you from poison SInv: It lets you see invisible.
   +Blink:    It lets you blink.
Wands
 m - a wand of polymorph (7)
 v - a wand of charming (69)
 x - a wand of mindburst (48)
 A - a wand of flame (68)
 C - a wand of quicksilver (13)
 D - a wand of digging (5)
 M - a wand of roots (31)
Scrolls
 d - 6 scrolls of silence
 e - a scroll of acquirement
 f - a scroll of fog
 h - 4 scrolls of fear
 i - 11 scrolls of immolation
 u - 3 scrolls of butterflies
 E - 11 scrolls of teleportation
 G - 9 scrolls of poison
 K - 7 scrolls of revelation
 S - 5 scrolls of vulnerability
 V - 6 scrolls of noise
Potions
 k - 4 potions of ambrosia
 l - 2 potions of haste
 p - 6 potions of berserk rage
 z - 11 potions of heal wounds
 B - 6 potions of mutation
 N - 24 potions of curing
 R - 2 potions of magic
 T - 9 potions of attraction
 U - 9 potions of invisibility
 W - 3 potions of enlightenment
 X - 5 potions of cancellation
 Y - a potion of might
 Z - 4 potions of resistance
Miscellaneous
 b - a sack of spiders (inert)
 q - a tin of tremorstones (2/2)
 s - a phial of floods
 y - a phantom mirror


   Skills:
 - Level 23.7 Fighting
 - Level 24.9 Axes
 * Level 20.3 Throwing
 - Level 19.6 Armour
 + Level 14.4 Dodging
 - Level 26.2 Shields
 - Level 1.6 Spellcasting
 - Level 3.2 Conjurations
 - Level 17.2 Evocations


You had 28 spell levels left.
You knew the following spells:

 Your Spells              Type           Power      Damage    Failure   Level
a - Kiss of Death         Conj/Necr      28%        2d7       43%         1

Your spell library contained the following spells:

 Spells                   Type           Power      Damage    Failure   Level
 Magic Dart               Conj           52%        1d5       24%         1
 Searing Ray              Conj           26%        2d5       36%         2
 Shock                    Conj/Air       28%        1d4       43%         1
 Sting                    Conj/Alch      28%        1d4       43%         1
 Momentum Strike          Conj/Tloc      14%        3d8       58%         2
 Apportation              Tloc           2%         N/A       67%         1
 Freeze                   Ice            4%         1d3       67%         1
 Necrotise                Necr           4%         1d4       67%         1
 Slow                     Hex            4%         N/A       67%         1
 Summon Small Mammal      Summ           4%         N/A       67%         1
 Blink                    Tloc           2%         N/A       82%         2
 Call Imp                 Summ           2%         N/A       82%         2
 Cigotuvi's Dreadful Rot  Necr/Alch/Air  2%         N/A       82%         2
 Ensorcelled Hibernation  Hex/Ice        2%         N/A       82%         2
 Jinxbite                 Hex            2%         N/A       82%         2
 Lesser Beckoning         Tloc           2%         N/A       82%         2
 Sublimation of Blood     Necr           1%         N/A       82%         2
 Dazzling Flash           Conj/Hex       14%        N/A       82%         3
 Hailstorm                Conj/Ice       7%         3d5       82%         3
 Mephitic Cloud           Conj/Alch/Air  5%         N/A       88%         3
 Call Canine Familiar     Summ           1%         N/A       96%         3
 Confusing Touch          Hex            1%         N/A       96%         3
 Frozen Ramparts          Ice            2%         1d1       96%         3
 Fugue of the Fallen      Necr           1%         N/A       96%         3
 Gell's Gravitas          Tloc           1%         N/A       96%         3
 Inner Flame              Hex/Fire       1%         N/A       96%         3
 Ozocubu's Armour         Ice            1%         N/A       96%         3
 Passwall                 Erth           1%         N/A       96%         3
 Sigil of Binding         Hex            1%         N/A       96%         3
 Summon Ice Beast         Ice/Summ       1%         N/A       96%         3
 Swiftness                Air            1%         N/A       96%         3
 Teleport Other           Tloc           1%         N/A       96%         3
 Tukima's Dance           Hex            1%         N/A       96%         3
 Vampiric Draining        Necr           1%         2d6       96%         3
 Volatile Blastmotes      Fire/Tloc      2%         2d10      96%         3
 Fulminant Prism          Conj/Alch      3%         3d5       99%         4
 Iskenderun's Mystic Bla  Conj/Tloc      7%         2d4       99%         4
 Airstrike                Air            0%         2d(1-17)  100%        4
 Anguish                  Hex/Necr       0%         N/A       100%        4
 Animate Armour           Summ/Erth      2%         N/A       100%        4
 Cause Fear               Hex            0%         N/A       100%        4
 Dimensional Bullseye     Hex/Tloc       0%         N/A       100%        4
 Dispel Undead            Necr           1%         3d6       100%        4
 Ignite Poison            Fire/Alch      1%         N/A       100%        4
 Leda's Liquefaction      Alch/Erth      0%         N/A       100%        4
 Manifold Assault         Tloc           1%         N/A       100%        4
 Martyr's Knell           Necr/Summ      1%         N/A       100%        4
 Passage of Golubria      Tloc           1%         N/A       100%        4
 Petrify                  Alch/Erth      1%         N/A       100%        4
 Summon Blazeheart Golem  Fire/Summ      1%         N/A       100%        4
 Curse of Agony           Necr           1%         N/A       100%        5
 Freezing Cloud           Conj/Ice/Air   2%         6-21      100%        5
 Irradiate                Conj/Alch      3%         3d12      100%        5
 Lee's Rapid Deconstruct  Erth           0%         3d4*      100%        5
 Metabolic Englaciation   Hex/Ice        0%         N/A       100%        5
 Silence                  Hex/Air        0%         N/A       100%        5
 Summon Forest            Summ/Tloc      0%         N/A       100%        5
 Summon Mana Viper        Hex/Summ       1%         N/A       100%        5
 Yara's Violent Unravell  Hex/Alch       0%         3d3       100%        5
 Bombard                  Conj/Erth      3%         9d1       100%        6
 Death Channel            Necr           0%         N/A       100%        6
 Dispersal                Tloc           0%         N/A       100%        6
 Eringya's Noxious Bog    Alch           0%         4d6       100%        6
 Sculpt Simulacrum        Ice/Alch       0%         N/A       100%        6
 Starburst                Conj/Fire      3%         6d3       100%        6
 Summon Cactus Giant      Summ           0%         N/A       100%        6
 Enfeeble                 Hex            0%         N/A       100%        7
 Haunt                    Necr/Summ      0%         N/A       100%        7
 Malign Gateway           Summ/Tloc      0%         N/A       100%        7
 Monstrous Menagerie      Summ           0%         N/A       100%        7
 Spellforged Servitor     Conj/Summ      3%         N/A       100%        7
 Summon Hydra             Summ           0%         N/A       100%        7
 Borgnjor's Revivificati  Necr           0%         N/A       100%        8
 Ignition                 Fire           0%         3d3       100%        8
 Infestation              Necr           0%         N/A       100%        8
 Lehudib's Crystal Spear  Conj/Erth      3%         10d3      100%        8
 Summon Horrible Things   Summ           0%         N/A       100%        8
 Death's Door             Necr           0%         N/A       100%        9
 Fire Storm               Conj/Fire      3%         8d1       100%        9
 Shatter                  Erth           0%         3d5*      100%        9
 Animate Dead             Necr           Unusable   N/A       N/A         4

Dungeon Overview and Level Annotations

Branches:
Dungeon (15/15)            Temple (0/1) D:4            Lair (5/5) D:8
 Shoals (4/4) Lair:2        Snake (4/4) Lair:2        Slime (0/5) Lair:5
    Orc (2/2) D:10            Elf (3/3) Orc:2        Vaults (5/5) D:13
  Crypt (0/3) Vaults:2     Depths (4/4) D:15            Zot (5/5) Depths:4
Ossuary (visited)         Desolation (visited)      Gauntlet (visited)

Altars:
Ashenzari
Dithmenos
Gozag
Hepliaklqana
Kikubaaqudgha
Qazlal
Ru
Trog
Uskayaw
Vehumet
Wu Jian
Xom
Yredelemnul
Zin
The Shining One
Beogh
Jiyva

Shops:
D:8 (   D:10 [   D:15 *   Orc:1 :![(!   Orc:2 *=[!   Elf:2 :   Elf:3 ?
Shoals:3 =   Snake:3 [   Snake:4 =(   Vaults:1 ([   Vaults:2 *
Vaults:5 !!*!?*![!

Portals:
Hell: Depths:1 Depths:2 Depths:3 Depths:4
Abyss: Depths:3
Pandemonium: Depths:1 Depths:2
Ziggurat: Depths:2
Trove: Vaults:2 (give 2 scrolls of acquirement)

Annotations:
D:14 Roxanne
Elf:1 3 runed translucent doors, Qaruydaq's ghost, adept DgIE; Unoty's ghost, adept DgIE; Ysawn's ghost, adept DgIE
Elf:2 4 runed translucent doors
Depths:1 4 transporters
Depths:4 2 transporters, Xutext's ghost, adept DsAK
Zot:2 1 transporter
Zot:4 1 runed translucent door, Heisao's ghost, legendary TrBe


Innate Abilities, Weirdness & Mutations

You are partially covered in iridescent scales. (AC +2)
You possess an exceptional clarity of mind.
Your mind is acute. (Int +4, Str/Dex -1)
You are frail. (-10% HP)
Your magical capacity is low. (-10% MP)
You occasionally shout uncontrollably at your foes.


Message History

Soabef hits something but does no damage.
Your wolf spider is engulfed in poison gas.
Your wolf spider looks even sicker.
Your wolf spider is engulfed in poison gas.
Your wolf spider looks even sicker.
Your wolf spider hits the green death but does no damage.
Your wolf spider bites the green death!
Your tarantella is engulfed in poison gas.
Your tarantella looks as sick as possible!
The green death closely misses something.
Soabef hits something but does no damage.
Your wolf spider is engulfed in poison gas.
Your wolf spider looks as sick as possible!
Something hits Soabef!!!
Your tarantella is engulfed in poison gas.
Your tarantella looks as sick as possible!
Your tarantella closely misses the large abomination.
Soabef hits something!
Your wolf spider is engulfed in poison gas.
Your wolf spider looks as sick as possible!
The large abomination hits your tarantella!
Your tarantella dies!
Your tarantella's corpse disappears in a puff of smoke!
Things that are here:
28 gold pieces; a +1 whip Your wolf spider is engulfed in poison gas.
Your wolf spider looks as sick as possible!
Unknown command.
Something hits your wolf spider!! Something hits your wolf spider!!!
Your wolf spider dies!
Your wolf spider's corpse disappears in a puff of smoke!
Your wolf spider is engulfed in poison gas.
Your wolf spider looks as sick as possible!
Your wolf spider dies!
Your wolf spider's corpse disappears in a puff of smoke!
There is an empty arch of ancient stone here.
Your extra speed is starting to run out.
You feel yourself slow down.
There is a staircase leading out of the dungeon here.
You have escaped!

##...#####..#...~...#
##.........##.⌠.~.⌠.#
.#.>.########...~...#
.....# #.♣.~.♣.#
.....# #...~...#
.##.## #.⌠.~.⌠.#
....# #...~...# ###.#
###...### #.# ##@##
###.# ### ....# #####


There were no monsters in sight!

Vanquished Creatures
  5 dread liches
  Frederick (Vaults:3)
  2 orbs of fire
  6 ancient liches
  Xtahua (Vaults:3)
  8 Killer Klowns
  Saint Roka (Vaults:4)
  A shard shrike (Zot:4)
  Margery (Vaults:4)
  3 curse toes
  Vashnia (Snake:2)
  16 golden dragons
  A profane servitor (D:1)
  A Brimstone Fiend (Zot:1)
  A pandemonium lord (D:1)
  A bone dragon (Depths:4)
  2 electric golems
  A hellephant (Vaults:5)
  17 tentacled monstrosities
  10 liches
  Mlioglotl (Snake:1)
  3 deep elf blademasters (Elf:3)
  An Ice Fiend (D:9)
  The ghost of Zeph the Severer, an adept NaFi of Cheibriados (Depths:3)
  15 Orb Guardians
  A deep elf master archer (Elf:3)
  16 quicksilver dragons
  2 titans (Vaults:5)
  2 walking earthen tomes (Depths:3)
  7 sphinxes
  10 death cobs
  9 tengu reavers
  12 fire giants
  16 storm dragons
  Aizul (Snake:2)
  A daeva (Zot:4)
  18 shadow dragons
  8 draconian monks
  12 protean progenitors
  7 nagarajas
  4 iron dragons
  10 frost giants
  4 draconian shifters (Zot:2)
  9 draconian knights
  A caustic shrike zombie (Depths:2)
  17 vault wardens
  9 draconian scorchers
  9 deep elf sorcerers
  4 ghost moths
  7 deep elf elementalists (Elf:3)
  2 orc warlords (Vaults:1)
  4 draconian stormcallers
  12 ironbound preservers
  3 spriggan defenders
  26 very ugly things
  5 draconian annihilators
  A formless jellyfish (Vaults:3)
  15 stone giants
  9 ironbound thunderhulks
  9 deep elf demonologists
  A vampire knight (Depths:2)
  11 black draconians
  4 deep elf death magi
  8 deep elf annihilators
  7 dire elephants
  16 purple draconians
  16 green draconians
  14 yellow draconians
  2 halazid warlocks (Desolation)
  18 white draconians
  6 war gargoyles
  13 red draconians
  21 ettins
  15 fire dragons
  Snorg (D:14)
  4 crystal guardians
  Josephine (D:14)
  8 merfolk impalers
  2 jiangshi (Depths:3)
  3 ragged hierophants (Desolation)
  5 merfolk javelineers (Shoals:4)
  4 deep elf high priests
  Harold (D:11)
  5 hydras
  10 ice dragons
  7 servants of whispers (Desolation)
  33 vault guards
  A salamander tyrant (Snake:3)
  The ghost of Vew Pil the Grappler, a journeyman DrSh of Okawaru (Lair:1)
  A hell beast (Depths:1)
  2 rakshasas
  15 anacondas
  5 great orbs of eyes
  An ogre mage (Vaults:5)
  4 jorogumos
  12 yaktaur captains
  10 peacekeepers
  10 spriggan air magi
  Erica (Orc:1)
  A sphinx zombie (Depths:1)
  9 boulder beetles
  14 ironbound frosthearts
  7 two-headed ogres
  16 dancing weapons
  6 centaur warriors
  5 deep troll shamans
  An anaconda (shapeshifter) (Vaults:5)
  7 merfolk aquamancers
  10 death yaks
  2 merfolk avatars
  12 naga warriors
  A satyr (Shoals:3)
  2 hell hogs
  3 tengu warriors
  8 shock serpents
  2 vampire magi (Depths:3)
  A titan zombie (Depths:1)
  9 deep troll earth magi
  13 naga sharpshooters
  2 orc high priests
  2 occultists
  Urug (D:10)
  10 deep elf knights
  5 spriggans
  9 spriggan berserkers
  5 salamander mystics
  3 hell knights (Vaults:5)
  A titan skeleton (Vaults:3)
  Nergalle (Lair:1)
  A quicksilver dragon simulacrum (Depths:1)
  9 iron trolls
  3 skysharks
  A deep troll (shapeshifter) (Depths:3)
  A spectral spark wasp (Depths:1)
  A sun moth (shapeshifter) (Zot:2)
  17 sea snakes
  14 mana vipers
  2 glowing orange brains
  3 flayed ghosts
  10 deep elf archers
  15 ironbound convokers
  10 naga ritualists
  Pikel (D:5)
  7 phantasmal warriors
  8 arcanists
  3 swamp dragons (Zot:4)
  50 deep trolls
  A harpy (shapeshifter) (D:11)
  An orange crystal statue (Elf:3)
  A steelbarb worm (shapeshifter) (Vaults:4)
  23 deep elf zephyrmancers
  3 lindwurms
  13 orc knights
  2 wolf spiders
  9 necromancers
  5 harpies (Shoals:3)
  31 deep elf pyromancers
  3 oklob plants (D:9)
  A human zombie (Vaults:3)
  43 ugly things
  5 fauns
  2 orc sorcerers
  15 salamanders
  13 manticores
  3 meliai (Gauntlet)
  9 elephants (Lair:5)
  21 vault sentinels
  A water nymph (shapeshifter) (Vaults:5)
  8 cyclopes
  6 molten gargoyles
  10 merfolk sirens
  2 human skeletons
  31 moths of wrath
  A frost giant skeleton (Depths:2)
  43 black mambas
  13 guardian serpents
  6 water nymphs
  7 kobold blastminers
  A smoke demon (D:6)
  3 gargoyles
  A stone giant skeleton (Vaults:3)
  15 naga magi
  9 cane toads
  3 rime drakes
  An unseen horror (shapeshifter) (D:13)
  3 hellions
  11 komodo dragons
  2 freezing wraiths
  2 efreet (D:14)
  15 yaktaurs
  An ice devil (D:10)
  2 tengu conjurers
  8 trolls
  9 wind drakes
  11 merfolk
  2 polar bears
  A wind drake (shapeshifter) (Elf:1)
  20 blink frogs
  8 snapping turtles
  6 hornets
  44 saltlings
  2 glass eyes
  9 dream sheep
  A frost giant simulacrum (Depths:2)
  40 slime creatures
  A fire giant simulacrum (Depths:1)
  12 air elementals (Shoals:4)
  Sigmund (D:2)
  4 fire elementals
  A yak (shapeshifter) (D:15)
  A shadow (D:10)
  10 wraiths
  12 basilisks
  17 water elementals
  38 yaks
  3 fire bats (Gauntlet)
  A golden eye (D:9)
  3 steam dragons
  2 vampires
  7 wargs
  A chaos spawn (D:1)
  A redback (shapeshifter) (Depths:3)
  18 vampire mosquitoes
  43 nagas
  4 acid dragons
  3 swamp worms (Gauntlet)
  2 swamp worms (shapeshifter)
  8 water moccasins
  19 orc warriors
  A glowing shapeshifter skeleton (Depths:1)
  11 hell hounds
  3 ice beasts
  A black bear (D:6)
  8 ogres
  2 sky beasts
  An ettin simulacrum (Vaults:3)
  An ice beast (shapeshifter) (D:15)
  A wolf (shapeshifter) (D:13)
  3 boggarts (Vaults:1)
  8 wolves
  14 centaurs
  2 phantoms (D:6)
  4 lemures (D:5)
  2 kobold brigands
  10 bullfrogs
  A brain worm (shapeshifter) (Vaults:4)
  A gnoll sergeant (D:11)
  3 scorpions
  5 earth elementals
  7 killer bees
  A howler monkey (shapeshifter) (Depths:3)
  4 howler monkeys
  4 bombardier beetles
  5 lava snakes (Lair:5)
  2 gnoll boudas
  7 jellies
  12 orc priests
  2 hounds
  3 sleepcaps
  Ijyb (D:5)
  3 iguanas
  15 orc wizards
  3 mummies
  4 gnolls
  5 adders
  2 shadow imps
  2 white imps (D:6)
  3 dart slugs
  4 ribbon worms
  51 orcs
  16 endoplasms
  3 giant cockroaches
  A gnoll zombie (Ossuary)
  11 goblins
  4 hobgoblins
  5 quokkas
  12 ball pythons
  4 bats
  4 frilled lizards (D:1)
  2 goblin zombies (D:4)
  16 kobolds
  3 kobold zombies (Ossuary)
  4 orc zombies (Ossuary)
  7 rats
  3 spectral weapons (Zot:3)
2097 creatures vanquished.

Vanquished Creatures (collateral kills)
  An ancient lich (Zot:5)
  A juggernaut (Depths:2)
  2 Killer Klowns (Zot:5)
  An electric golem (Zot:5)
  2 tentacled monstrosities (Zot:5)
  6 Orb Guardians (Zot:5)
  A death cob (Zot:5)
  A shadow dragon (Zot:4)
  A frost giant (Depths:2)
  A draconian shifter (Zot:5)
  A draconian scorcher (Zot:5)
  An ironbound preserver (Vaults:4)
  A green draconian (Zot:5)
  A white draconian (Zot:5)
  A purple draconian (Zot:4)
  A catoblepas (Lair:4)
  A deep troll shaman (Depths:2)
  A deep troll earth mage (Depths:2)
  3 slime creatures (Vaults:4)
  5 deep trolls (Vaults:4)
  2 ugly things (Vaults:4)
  2 moths of wrath
  A yak (Lair:4)
  An orc warrior (Orc:2)
  A sky beast (D:8)
  A wolf (D:8)
  A bullfrog (D:8)
  An orc priest (D:8)
  2 orc wizards
  4 orcs
49 creatures vanquished.

Vanquished Creatures (others)
  An orb of fire (Zot:5)
  An ancient lich (Zot:5)
  5 Orb Guardians (Zot:5)
  3 draconian knights
  A reaper (D:1)
  A merfolk aquamancer (Shoals:4)
  2 deep elf archers
  A deep elf zephyrmancer (Elf:2)
  3 moths of wrath
  A hell hound (Lair:5)
19 creatures vanquished.

Grand Total: 2165 creatures vanquished

Notes
Turn   | Place    | Note
-------+----------+-------------------------------------------
     0 | D:1      | Jannitor the Hill Orc Reaver began the quest for the Orb.
     0 | D:1      | Reached XP level 1. HP: 18/18 MP: 3/3
   238 | D:1      | Reached XP level 2. HP: 20/25 MP: 4/4
   654 | D:1      | Reached XP level 3. HP: 26/30 MP: 5/5
   698 | D:1      | Reached skill level 1 in Armour
   830 | D:1      | Found a faded altar of an unknown god.
  1172 | D:2      | Noticed Sigmund
  1179 | D:2      | Killed Sigmund
  1180 | D:2      | Reached skill level 5 in Axes
  1180 | D:2      | Reached XP level 4. HP: 14/40 MP: 0/6
  1180 | D:2      | Reached XP level 5. HP: 16/46 MP: 0/7
  2319 | D:3      | Reached XP level 6. HP: 47/52 MP: 8/8
  2410 | D:3      | Found a broken altar of Ashenzari.
  2412 | D:3      | Found a shadowy altar of Dithmenos.
  2412 | D:3      | Found a hazy altar of Hepliaklqana.
  2412 | D:3      | Found a hide-covered altar of Uskayaw.
  2412 | D:3      | Found an opulent altar of Gozag.
  2413 | D:3      | Found a bloodstained altar of Trog.
  2537 | D:3      | Became a worshipper of Gozag Ym Sagoz the Greedy
  3229 | D:4      | Found a staircase to the Ecumenical Temple.
  3360 | D:4      | HP: 2/44 [poisoned by a scorpion]
  3532 | D:4      | Found a sand-covered staircase.
  3542 | Ossuary  | Entered an ossuary
  3845 | D:4      | Reached XP level 7. HP: 28/54 MP: 9/9
  4510 | D:5      | Entered Level 5 of the Dungeon
  4520 | D:4      | Reached skill level 5 in Fighting
  4622 | D:5      | Noticed an air elemental
  4623 | D:5      | Found a stormy altar of Qazlal.
  4625 | D:5      | Noticed a water elemental
  4638 | D:5      | Noticed Ijyb
  4973 | D:6      | Found a radiant altar of Vehumet.
  5421 | D:6      | Reached XP level 8. HP: 24/57 MP: 6/10
  6377 | D:6      | Identified the amulet of Okawaru, Mashing {rPois Regen+}
  6432 | D:6      | Reached skill level 5 in Armour
  6676 | D:5      | Noticed Pikel
  6796 | D:7      | Noticed a deep elf pyromancer
  6935 | D:7      | Noticed a hornet
  6950 | D:7      | Killed a hornet
  6982 | D:7      | Found a glowing silver altar of Zin.
  7054 | D:7      | Reached XP level 9. HP: 51/56 MP: 11/11
  7201 | D:7      | Found an ornate altar of the Wu Jian Council.
  8140 | D:8      | Found a staircase to the Lair.
  8380 | D:8      | Reached skill level 1 in Evocations
  8431 | D:8      | Found Qyxzox's Antique Weapon Emporium.
  8829 | D:8      | Found a sacrificial altar of Ru.
  8992 | D:9      | Noticed an oklob plant
  9257 | D:9      | Identified the amulet "Rugud" {RegenMP rElec}
  9397 | Lair:1   | Entered Level 1 of the Lair of Beasts
  9499 | Lair:1   | Reached skill level 10 in Axes
  9525 | Lair:1   | Noticed a cane toad
  9536 | Lair:1   | Killed a cane toad
  9537 | Lair:1   | Reached XP level 10. HP: 78/90 MP: 12/12
  9594 | Lair:1   | Found a runed translucent door.
  9598 | Lair:1   | Noticed Vew Pil's ghost (journeyman DrSh)
  9823 | Lair:1   | Noticed Fannar
  9824 | Lair:1   | Noticed Nergalle
  9863 | Lair:2   | Noticed a black mamba
  9871 | Lair:2   | Killed a black mamba
 10126 | Lair:1   | Noticed a death yak
 10126 | Lair:1   | Noticed a death yak
 10127 | Lair:1   | Noticed a death yak
 10127 | Lair:1   | Noticed a death yak
 10127 | Lair:1   | Noticed a death yak
 10171 | Lair:2   | Noticed a death yak
 10397 | Lair:2   | Reached skill level 10 in Fighting
 10397 | Lair:2   | Reached skill level 5 in Evocations
 10502 | Lair:2   | You fall into a shaft and drop 2 floors!
 10519 | Lair:4   | Reached XP level 11. HP: 95/99 MP: 13/13
 10611 | Lair:4   | Noticed a catoblepas
 10633 | Lair:4   | Killed a catoblepas
 10743 | Lair:4   | Found a gate leading to a gauntlet.
 10784 | Gauntlet | Entered a Gauntlet
 10784 | Gauntlet | Found a large runed translucent door.
 10784 | Gauntlet | Found a large runed translucent door.
 10784 | Gauntlet | Found a large runed translucent door.
 10784 | Gauntlet | Found a large runed translucent door.
 10784 | Gauntlet | Found a large runed translucent door.
 10784 | Gauntlet | Found a runed translucent door.
 10784 | Gauntlet | Found a transporter.
 10784 | Gauntlet | Found a transporter.
 10784 | Gauntlet | Found a runed translucent door.
 10784 | Gauntlet | Found a large runed translucent door.
 10784 | Gauntlet | Found a large runed translucent door.
 10784 | Gauntlet | Found a large runed translucent door.
 10784 | Gauntlet | Found a large runed translucent door.
 10807 | Gauntlet | Found a large runed translucent door.
 10813 | Gauntlet | Found a transporter.
 10822 | Gauntlet | Found a transporter.
 10831 | Gauntlet | Found a transporter.
 10837 | Gauntlet | Found a transporter.
 10842 | Gauntlet | Noticed a hell hog
 10844 | Gauntlet | Found a transporter.
 10845 | Gauntlet | Noticed an occultist
 10847 | Gauntlet | Noticed an occultist
 10869 | Gauntlet | Found a transporter.
 10876 | Gauntlet | Found a transporter.
 10887 | Gauntlet | Found a transporter.
 10893 | Gauntlet | Found a large runed translucent door.
 10893 | Gauntlet | Found a large runed translucent door.
 10893 | Gauntlet | Found a large runed translucent door.
 10894 | Gauntlet | Found a runed translucent gate.
 10895 | Gauntlet | Found a runed translucent gate.
 10895 | Gauntlet | Noticed a necromancer
 10896 | Gauntlet | Found a transporter.
 10918 | Gauntlet | Found a transporter.
 10963 | Gauntlet | Found a transporter.
 10977 | Gauntlet | Found a transporter.
 10977 | Gauntlet | Noticed an orange crystal statue
 11061 | Gauntlet | Found a large runed translucent door.
 11062 | Gauntlet | Found a large runed translucent door.
 11062 | Gauntlet | Found a large runed translucent door.
 11063 | Gauntlet | Found a runed translucent gate.
 11080 | Gauntlet | Found a transporter.
 11098 | Gauntlet | Found a transporter.
 11279 | Gauntlet | Identified the ring of Sepirus {Ice rPois Int-5 Stlth+}
 11310 | Gauntlet | Killed a hell hog
 11311 | Gauntlet | Reached skill level 10 in Armour
 11346 | Gauntlet | Identified the amulet "Wawioxashus" {Spirit Str+6}
 11491 | Gauntlet | Identified the +10 rapier "Xeshryol" {pain, rF+}
 11491 | Gauntlet | Identified the ring "Gysamuki" {Ice ^Contam Will+ Int+3}
 11491 | Gauntlet | Noticed a minotaur
 11514 | Gauntlet | Got the Information on the Evil Eye and Aeromancy
 11653 | Lair:2   | Noticed a death yak
 11653 | Lair:2   | Noticed a death yak
 11653 | Lair:2   | Noticed a death yak
 11653 | Lair:2   | Noticed a death yak
 11668 | Lair:2   | Killed a death yak
 11676 | Lair:2   | Killed a death yak
 11677 | Lair:2   | Reached XP level 12. HP: 31/111 MP: 14/14
 11704 | Lair:3   | Killed a death yak
 13821 | Lair:5   | Entered Level 5 of the Lair of Beasts
 13892 | Lair:4   | Reached skill level 1 in Throwing
 14203 | Lair:1   | Fannar changed into Fannar the glowing orange brain
 14203 | Lair:1   | Noticed Fannar
 14662 | D:5      | Killed Ijyb
 14698 | D:5      | Killed Pikel
 14699 | D:5      | Reached XP level 13. HP: 115/122 MP: 15/15
 14761 | D:5      | Found a shimmering altar of Xom.
 15249 | D:9      | Found a glowing golden altar of the Shining One.
 15601 | D:10     | Entered Level 10 of the Dungeon
 15699 | D:10     | Noticed Urug
 15725 | D:10     | Killed Urug
 16002 | D:10     | Found Kunuatos's Antique Armour Emporium.
 16005 | D:10     | Bought a runed helmet for 195 gold pieces
 16010 | D:10     | Bought a shiny plate armour for 676 gold pieces
 16544 | D:10     | Found a staircase to the Orcish Mines.
 16941 | D:11     | Noticed Harold
 16952 | D:11     | Killed Harold
 17059 | D:11     | Reached skill level 15 in Axes
 17553 | Orc:1    | Entered Level 1 of the Orcish Mines
 17649 | Orc:1    | Found Ontil's Book Boutique.
 17689 | Orc:1    | Found Qedwal's Distillery.
 17696 | Orc:1    | Bought a potion of enlightenment for 65 gold pieces
 17696 | Orc:1    | Bought a potion of degeneration for 13 gold pieces
 17697 | Orc:1    | Bought 2 potions of curing for 78 gold pieces
 17697 | Orc:1    | Bought 2 potions of cancellation for 208 gold pieces
 17697 | Orc:1    | Bought a potion of might for 52 gold pieces
 17728 | Orc:2    | Entered Level 2 of the Orcish Mines
 17749 | Orc:2    | Noticed an ettin
 17772 | Orc:2    | Killed an ettin
 17858 | Orc:1    | Noticed Erica
 17863 | Orc:1    | Killed Erica
 17910 | Orc:1    | Found Hebuim's Antique Armour Shop.
 17915 | Orc:1    | Bought a pair of glowing boots for 187 gold pieces
 17915 | Orc:1    | Bought a pair of runed gloves for 187 gold pieces
 17997 | Orc:1    | Found Iterirgh's Distillery.
 18001 | Orc:1    | Bought 2 potions of haste for 280 gold pieces
 18002 | Orc:1    | Found Cimiq's Antique Weapon Shoppe.
 18545 | Orc:2    | Found a staircase to the Elven Halls.
 18749 | Orc:2    | Reached skill level 10 in Evocations
 19201 | Orc:2    | Reached XP level 14. HP: 132/132 MP: 16/16
 19605 | Orc:2    | Found Vivelile's General Store.
 19623 | Orc:2    | Found Qib Kumn's Antique Armour Shoppe.
 19625 | Orc:2    | Found Woptemu's Jewellery Shoppe.
 19625 | Orc:2    | Found a roughly hewn altar of Beogh.
 19649 | Orc:2    | Found Togh's Distillery.
 20174 | Orc:2    | Bought a scroll of enchant weapon for 135 gold pieces
 20174 | Orc:2    | Bought a +0 tower shield for 81 gold pieces
 20214 | Orc:2    | Bought a potion of berserk rage for 65 gold pieces
 20214 | Orc:2    | Bought a potion of heal wounds for 65 gold pieces
 20214 | Orc:2    | Bought a potion of berserk rage for 65 gold pieces
 20214 | Orc:2    | Bought a potion of curing for 39 gold pieces
 20214 | Orc:2    | Bought a potion of curing for 39 gold pieces
 20214 | Orc:2    | Bought 2 potions of invisibility for 208 gold pieces
 20910 | Lair:1   | Reached skill level 1 in Shields
 21111 | Lair:1   | Killed Fannar the glowing orange brain
 21112 | Lair:1   | Reached skill level 2 in Shields
 21501 | Lair:1   | Killed Nergalle
 21734 | Lair:2   | Found a staircase to the Shoals.
 21900 | Lair:2   | Reached skill level 3 in Shields
 22119 | Lair:2   | Found a staircase to the Snake Pit.
 22312 | Lair:5   | Reached skill level 4 in Shields
 22688 | Lair:5   | Reached skill level 15 in Fighting
 22691 | Lair:5   | Reached skill level 5 in Shields
 22870 | Lair:5   | Found a viscous altar of Jiyva.
 22914 | Lair:5   | Found a staircase to the Slime Pits.
 23197 | Lair:5   | Reached XP level 15. HP: 132/141 MP: 17/17
 23204 | Lair:5   | Reached skill level 6 in Shields
 23574 | Lair:5   | Found a large runed translucent door.
 23578 | Lair:5   | Found a large runed translucent door.
 24596 | D:12     | Reached skill level 7 in Shields
 25707 | D:13     | Reached skill level 8 in Shields
 25837 | D:13     | Found a gate to the Vaults.
 25975 | D:13     | Identified the +1 mace of Hetueb {venom, rC+}
 26281 | D:14     | Noticed Snorg
 26288 | D:14     | Killed Snorg
 26376 | D:14     | Noticed Josephine
 26395 | D:14     | Killed Josephine
 26396 | D:14     | Reached skill level 9 in Shields
 26672 | D:14     | Reached XP level 16. HP: 76/151 MP: 18/18
 26747 | D:14     | Got the Volume of Translocation
 26977 | D:14     | Noticed Roxanne
 27271 | D:15     | Entered Level 15 of the Dungeon
 27271 | D:15     | Noticed Jorgrun
 27271 | D:15     | Found Bomeroc's General Store.
 27275 | D:15     | Jorgrun changed into Jorgrun the stone giant
 27275 | D:15     | Noticed Jorgrun
 27283 | D:15     | Killed Jorgrun the stone giant
 27290 | D:15     | Bought a scroll of teleportation for 54 gold pieces
 27290 | D:15     | Bought a potion of curing for 54 gold pieces
 27557 | D:15     | Reached skill level 10 in Shields
 27758 | D:15     | Found a broken altar of Ashenzari.
 28095 | D:15     | Found a staircase to the Depths.
 28524 | Snake:1  | Entered Level 1 of the Snake Pit
 28593 | Snake:1  | Noticed Mlioglotl
 28617 | Snake:1  | Killed Mlioglotl
 28621 | Snake:1  | Noticed a nagaraja
 28631 | Snake:1  | Killed a nagaraja
 29188 | Snake:2  | Reached skill level 15 in Armour
 29194 | Snake:2  | Reached skill level 11 in Shields
 29519 | Snake:2  | Noticed Vashnia
 30589 | Snake:2  | Killed Vashnia
 30707 | Snake:2  | Identified the serpent talisman "Vytz" {Dex+5}
 30707 | Snake:2  | Noticed Aizul
 30731 | Snake:2  | Killed Aizul
 30911 | Snake:2  | Noticed a nagaraja
 30922 | Snake:2  | Killed a nagaraja
 31037 | Snake:2  | Reached XP level 17. HP: 98/160 MP: 19/19
 31118 | Snake:2  | Reached skill level 12 in Shields
 32169 | Snake:3  | Bought a shiny tower shield for 165 gold pieces
 32180 | Snake:3  | Bought a runed cloak for 165 gold pieces
 32296 | Snake:3  | Reached skill level 13 in Shields
 32649 | Snake:4  | Entered Level 4 of the Snake Pit
 33540 | Snake:4  | Found Takk's Weapon Boutique.
 33989 | Snake:4  | Reached XP level 18. HP: 161/171 MP: 20/20
 34095 | Snake:4  | Reached skill level 14 in Shields
 34949 | Snake:4  | Got a serpentine rune of Zot
 35173 | Snake:4  | Bought the ring of the Bursting Ancients {Fly Will+} for
                  | 421 gold pieces
 35342 | Shoals:1 | Entered Level 1 of the Shoals
 36242 | Shoals:2 | Found a shimmering altar of Xom.
 37384 | Shoals:3 | Found Tiumaess's Jewellery Shoppe.
 37411 | Shoals:2 | Reached skill level 15 in Shields
 38287 | Shoals:4 | Entered Level 4 of the Shoals
 38339 | Shoals:4 | Paralysed by an air elemental for 1 turns
 38345 | Shoals:4 | Paralysed by an air elemental for 1 turns
 38382 | Shoals:4 | Paralysed by an air elemental for 1 turns
 38814 | Shoals:4 | Paralysed by an air elemental for 1 turns
 38835 | Shoals:4 | Paralysed by an air elemental for 1 turns
 38857 | Shoals:4 | Paralysed by an air elemental for 1 turns
 38911 | Shoals:4 | Paralysed by an air elemental for 1 turns
 38917 | Shoals:4 | Paralysed by an air elemental for 1 turns
 39042 | Shoals:4 | Paralysed by an air elemental for 1 turns
 39046 | Shoals:4 | Paralysed by an air elemental for 1 turns
 39151 | Shoals:4 | Paralysed by an air elemental for 1 turns
 39171 | Shoals:4 | Paralysed by an air elemental for 1 turns
 39278 | Shoals:4 | Paralysed by an air elemental for 1 turns
 39280 | Shoals:4 | Paralysed by an air elemental for 1 turns
 39316 | Shoals:4 | Reached XP level 19. HP: 149/181 MP: 21/21
 39339 | Shoals:4 | Paralysed by an air elemental for 1 turns
 39447 | Shoals:4 | Reached skill level 16 in Shields
 39519 | Shoals:4 | Got a barnacled rune of Zot
 40193 | Lair:1   | Killed Vew Pil's ghost
 40361 | Vaults:1 | Entered Level 1 of the Vaults
 41197 | Vaults:1 | Reached skill level 17 in Shields
 41443 | Vaults:1 | Reached skill level 15 in Evocations
 41585 | Vaults:1 | Found Zeneq's Weapon Emporium.
 41758 | Vaults:1 | Bought a transparent plate armour for 980 gold pieces
 41758 | Vaults:1 | Identified the +6 plate armour of the Well-Known Curses
                  | {rElec rF+ MP+9} (You bought it in a shop on level 1 of the
                  | Vaults)
 42306 | Vaults:2 | Identified the +5 chain mail "Touqes" {rF- Will++ Int+2
                  | Dex+3}
 42419 | Vaults:2 | Found a staircase to the Crypt.
 42419 | Vaults:2 | Found a basalt altar of Yredelemnul.
 42419 | Vaults:2 | Found an ancient bone altar of Kikubaaqudgha.
 42569 | Vaults:2 | Found a portal to a secret trove of treasure.
 42580 | Vaults:2 | Bought a scroll of teleportation for 108 gold pieces
 42580 | Vaults:2 | Bought a tin of tremorstones (2/2) for 1440 gold pieces
 42580 | Vaults:2 | Bought a wand of mindburst (6) for 302 gold pieces
 42580 | Vaults:2 | Bought a wand of mindburst (6) for 302 gold pieces
 43296 | Vaults:2 | Reached XP level 20. HP: 182/191 MP: 22/22
 43620 | Vaults:3 | Reached skill level 18 in Shields
 43778 | Vaults:3 | Identified the ring of Ponewyubu {Will- Str+3 Int+6 Dex+2}
 44018 | Vaults:3 | Upgraded the game from 0.31.0-1-g2c135a008e to
                  | 0.31.0-4-g52a2dc7128
 44189 | Vaults:3 | Noticed Xtahua
 44231 | Vaults:3 | Killed Xtahua
 44430 | Vaults:3 | Identified the orb "Xuah" {*channel, rF+ Int+4}
 44430 | Vaults:3 | Noticed Frederick
 44450 | Vaults:3 | Killed Frederick
 45277 | Vaults:4 | Reached skill level 19 in Shields
 45713 | Vaults:4 | Reached XP level 21. HP: 200/202 MP: 23/23
 45991 | Vaults:5 | Entered Level 5 of the Vaults
 45991 | Vaults:5 | Noticed Saint Roka
 46335 | Elf:1    | Entered Level 1 of the Elven Halls
 46592 | Elf:2    | Found a crumbling gateway.
 46622 | Desolati | Entered the Desolation of Salt
 47208 | Desolati | Reached skill level 20 in Shields
 47319 | Desolati | Got the Incunable of the Mob and Hoarfrost
 47322 | Desolati | Got the Tome of the Ruinous Evil Eye
 47329 | Desolati | Got the Vellum of Black Acts
 47330 | Desolati | Identified the amulet "Liunn" {Faith Int+2}
 47758 | Desolati | Got the Omnibus of Decaying Chemistry
 47759 | Desolati | Identified the ring of Desertification {+Blink rPois AC+4
                  | Dex+4 SInv}
 47765 | Desolati | Identified the ring of Apreyst {Int+6 Dex+3}
 47973 | Desolati | Identified the +0 leather armour of Elekk {*Corrode rElec
                  | rC+}
 47975 | Desolati | Got the Octavo of Resurrection and Kindling
 47976 | Desolati | Identified the ring of Xuiloapn {Str+6 Slay+2}
 47981 | Desolati | Identified the +0 pair of gloves of the Thistle {Str+3}
 47996 | Desolati | Identified the +8 scimitar of Offence {drain, rPois}
 48511 | Elf:1    | Identified a scroll of acquirement
 48630 | Elf:1    | Got Mnoleg's Precepts of the Congregation
 48645 | Elf:1    | Found a runed translucent gate.
 48645 | Elf:1    | Noticed Unoty's ghost (adept DgIE)
 48646 | Elf:1    | Noticed Qaruydaq's ghost (adept DgIE)
 48655 | Elf:1    | Found a runed translucent gate.
 48782 | Elf:1    | Identified the maw talisman of Benevolence {*Slow rC+ rCorr
                  | Dex+2}
 48851 | Elf:1    | Found a runed translucent gate.
 48852 | Elf:1    | Noticed Ysawn's ghost (adept DgIE)
 49116 | Elf:2    | Found Xueppare's Book Emporium.
 49237 | Elf:2    | Found a large runed translucent door.
 49237 | Elf:2    | Found a large runed translucent door.
 49265 | Elf:2    | Found a large runed translucent door.
 49265 | Elf:2    | Found a large runed translucent door.
 49683 | Elf:3    | Entered Level 3 of the Elven Halls
 49737 | Elf:3    | Found Goetehun's Magic Scroll Emporium.
 49767 | Elf:3    | Bought a scroll of vulnerability for 68 gold pieces
 49767 | Elf:3    | Bought a scroll of butterflies for 68 gold pieces
 50053 | Elf:3    | Reached XP level 22. HP: 213/213 MP: 24/24
 50422 | Elf:3    | Reached skill level 5 in Throwing
 50508 | Elf:3    | Reached skill level 21 in Shields
 50713 | Elf:3    | Identified the +8 halberd "Koonob" {freeze, rElec}
 50714 | Elf:3    | Identified the +7 plate armour of the Cicada {-Tele Will++
                  | Str+5}
 51294 | Elf:3    | Identified the +1 barding of a Gauntlet {rN+}
 51323 | Elf:3    | Found the +6 Majin-Bo {spellvamp, MP+6 Int+6}
 51330 | Elf:3    | Identified the +7 hand axe of Ydaynin {elec, rPois rCorr
                  | Int-4 Stlth+}
 51342 | Elf:3    | Got the Encyclopedia of Spellbinding Despair
 51345 | Elf:3    | Got the Catalogue of Cold Spelunking
 51346 | Elf:3    | Identified the +0 pair of boots of Jehucoti {+Inv rF+
                  | Regen+ Int+2}
 51434 | Elf:3    | Identified the +7 plate armour "Uclacse" {*Slow rElec Will-
                  | Regen+}
 51443 | Elf:3    | Identified the +12 sling "Guocs" {speed, Stlth+}
 51469 | Elf:3    | Got Dispater's Grimoire of the Caves
 51695 | Orc:1    | Bought a manual of Shields for 1200 gold pieces
 51814 | Depths:1 | Entered Level 1 of the Depths
 51865 | Depths:1 | Found a transporter.
 51902 | Depths:1 | Found a transporter.
 52043 | Depths:1 | Found a transporter.
 52047 | Depths:1 | Found a transporter.
 52194 | Depths:1 | Found a one-way gate leading to the halls of Pandemonium.
 52297 | Depths:1 | Found the +8 storm bow {elec, penet}
 52451 | Depths:1 | Found a gateway to Hell.
 52891 | Depths:2 | Identified the +6 short sword of Astraargho {freeze, rElec
                  | Will- SInv}
 52908 | Depths:2 | Reached skill level 22 in Shields
 52963 | Depths:2 | Noticed a golden dragon
 52970 | Depths:2 | Noticed a golden dragon
 52973 | Depths:2 | Noticed a juggernaut
 53216 | Depths:2 | Identified the +11 flail of the First Violins {vamp, Int+3}
 53367 | Depths:2 | Killed a golden dragon
 53451 | Depths:2 | Reached XP level 23. HP: 202/223 MP: 25/25
 53490 | Depths:2 | Killed a golden dragon
 53491 | Depths:2 | Reached skill level 23 in Shields
 53491 | Depths:2 | Killed a juggernaut
 53520 | Depths:2 | Noticed a golden dragon
 53528 | Depths:2 | Killed a golden dragon
 53583 | Depths:2 | Noticed a golden dragon
 53593 | Depths:2 | Killed a golden dragon
 54192 | Depths:2 | Found a one-way gateway to a ziggurat.
 54607 | Depths:3 | Reached skill level 5 in Dodging
 54630 | Depths:3 | Reached skill level 24 in Shields
 54760 | Depths:3 | Noticed a golden dragon
 54783 | Depths:3 | Killed a golden dragon
 54867 | Depths:3 | Found a one-way gate to the infinite horrors of the Abyss.
 55106 | Depths:3 | You are sucked into a shaft and drop 1 floor!
 55106 | Depths:4 | Entered Level 4 of the Depths
 55389 | Depths:3 | Found a runed translucent gate.
 55389 | Depths:3 | Found a runed translucent gate.
 55389 | Depths:3 | Noticed an ancient lich
 55390 | Depths:3 | Found a runed translucent gate.
 55399 | Depths:3 | Noticed an ancient lich
 55399 | Depths:3 | Noticed Zeph's ghost (adept NaFi)
 55400 | Depths:3 | Found an ancient bone altar of Kikubaaqudgha.
 55457 | Depths:3 | Killed an ancient lich
 55487 | Depths:3 | Killed Zeph's ghost
 55501 | Depths:3 | Killed an ancient lich
 55634 | Depths:3 | Identified the +8 quarterstaff of the Peculiar Realms
                  | {protect, ^Contam rF+ Int+4}
 55640 | Depths:3 | Identified the +0 helmet of Lyssiusm {rC+ Will+ Regen+}
 55655 | Depths:3 | Identified the ring of Jeskih {^Contam rElec rPois Int+3
                  | Slay+4}
 56037 | Depths:4 | Reached XP level 24. HP: 190/233 MP: 25/25
 56198 | Depths:4 | Found a gate to the Realm of Zot.
 56278 | Depths:4 | Noticed a juggernaut
 56279 | Depths:4 | Noticed a juggernaut
 56280 | Depths:4 | Noticed Xutext's ghost (adept DsAK)
 56289 | Depths:4 | Found a bloodstained altar of Trog.
 56313 | Depths:4 | Found a transporter.
 56315 | Depths:4 | Found a transporter.
 56340 | Depths:4 | Identified the orb of Precision Catastrophes {*channel,
                  | Slay+2}
 56981 | Vaults:4 | Reached skill level 25 in Shields
 57374 | Vaults:4 | Killed Saint Roka
 57630 | Vaults:5 | Noticed a dread lich
 57679 | Vaults:4 | Killed a dread lich
 57885 | Vaults:5 | Noticed Margery
 57966 | Vaults:4 | Killed Margery
 58053 | Vaults:5 | Reached XP level 25. HP: 232/232 MP: 25/25
 58159 | Vaults:5 | Reached skill level 10 in Throwing
 58225 | Vaults:5 | Found Loanugox's Distillery.
 58226 | Vaults:5 | Found Etibyj's General Store.
 58229 | Vaults:5 | Found Fiwiege's Antique Armour Boutique.
 58232 | Vaults:5 | Bought a phantom mirror for 920 gold pieces
 58232 | Vaults:5 | Bought a scroll of enchant weapon for 172 gold pieces
 58241 | Vaults:5 | Bought a potion of curing for 45 gold pieces
 58241 | Vaults:5 | Bought a potion of heal wounds for 75 gold pieces
 58241 | Vaults:5 | Bought a potion of curing for 45 gold pieces
 58241 | Vaults:5 | Bought a potion of heal wounds for 75 gold pieces
 58241 | Vaults:5 | Found Soimoc's Distillery.
 58249 | Vaults:5 | Bought 2 potions of heal wounds for 190 gold pieces
 58249 | Vaults:5 | Bought a potion of heal wounds for 95 gold pieces
 58249 | Vaults:5 | Bought a potion of resistance for 190 gold pieces
 58249 | Vaults:5 | Bought 2 potions of curing for 114 gold pieces
 58249 | Vaults:5 | Bought a potion of curing for 57 gold pieces
 58249 | Vaults:5 | Bought a potion of heal wounds for 95 gold pieces
 58249 | Vaults:5 | Bought a potion of heal wounds for 95 gold pieces
 58844 | Vaults:5 | Found Gomos's Assorted Antiques.
 58852 | Vaults:5 | Bought a scroll of fog for 152 gold pieces
 58852 | Vaults:5 | Bought 3 scrolls of teleportation for 342 gold pieces
 58852 | Vaults:5 | Bought 3 scrolls of fog for 456 gold pieces
 58907 | Vaults:5 | Reached skill level 26 in Shields
 58953 | Vaults:5 | Found Anilargh's Distillery.
 58958 | Vaults:5 | Gained mutation: You are frail. (-10% HP) [potion of
                  | mutation]
 58958 | Vaults:5 | Gained mutation: Your spells are a little easier to cast,
                  | but a little less powerful. [potion of mutation]
 58958 | Vaults:5 | Gained mutation: You occasionally lose the ability to read
                  | scrolls when taking damage. [potion of mutation]
 58958 | Vaults:5 | Lost mutation: You are frail. (-10% HP) [potion of
                  | mutation]
 58959 | Vaults:5 | Lost mutation: You occasionally lose the ability to read
                  | scrolls when taking damage. [potion of mutation]
 58959 | Vaults:5 | Lost mutation: Your spells are a little easier to cast, but
                  | a little less powerful. [potion of mutation]
 58959 | Vaults:5 | Gained mutation: You expend magic power (3 MP) to
                  | strengthen your wands. [potion of mutation]
 58959 | Vaults:5 | Gained mutation: Armour fits poorly on your strangely
                  | shaped body. [potion of mutation]
 58959 | Vaults:5 | Gained mutation: You have a pair of small antennae on your
                  | head. [potion of mutation]
 58960 | Vaults:5 | Lost mutation: You expend magic power (3 MP) to strengthen
                  | your wands. [potion of mutation]
 58960 | Vaults:5 | Lost mutation: You have a pair of small antennae on your
                  | head. [potion of mutation]
 58960 | Vaults:5 | Gained mutation: You have a pair of small horns on your
                  | head. [potion of mutation]
 58960 | Vaults:5 | Gained mutation: Your magical capacity is low. (-10% MP)
                  | [potion of mutation]
 58961 | Vaults:5 | Lost mutation: Your magical capacity is low. (-10% MP)
                  | [potion of mutation]
 58961 | Vaults:5 | Lost mutation: Armour fits poorly on your strangely shaped
                  | body. [potion of mutation]
 58961 | Vaults:5 | Lost mutation: You have a pair of small horns on your head.
                  | [potion of mutation]
 58961 | Vaults:5 | Gained mutation: You are partially covered in iridescent
                  | scales. (AC +2) [potion of mutation]
 58961 | Vaults:5 | Gained mutation: You possess an exceptional clarity of
                  | mind. [potion of mutation]
 58961 | Vaults:5 | Gained mutation: Your mind is acute. (Int +4, Str/Dex -1)
                  | [potion of mutation]
 59030 | Vaults:5 | Found Cikhin's Distillery.
 59030 | Vaults:5 | Found Giypp's Magic Scroll Shoppe.
 59035 | Vaults:5 | Bought a potion of curing for 54 gold pieces
 59035 | Vaults:5 | Bought a potion of heal wounds for 90 gold pieces
 59035 | Vaults:5 | Bought a potion of heal wounds for 90 gold pieces
 59035 | Vaults:5 | Bought a potion of resistance for 180 gold pieces
 59035 | Vaults:5 | Bought a potion of heal wounds for 90 gold pieces
 59132 | Vaults:5 | Found Pyngoq's Distillery.
 59137 | Vaults:5 | Bought a potion of resistance for 210 gold pieces
 59137 | Vaults:5 | Bought a potion of haste for 210 gold pieces
 59137 | Vaults:5 | Bought 2 potions of curing for 126 gold pieces
 59137 | Vaults:5 | Bought a potion of cancellation for 168 gold pieces
 59137 | Vaults:5 | Bought a potion of mutation for 168 gold pieces
 59156 | Vaults:5 | Got a silver rune of Zot
 59583 | Zot:1    | Entered Level 1 of the Realm of Zot
 60719 | Zot:2    | Found a transporter.
 60930 | Zot:2    | Noticed a dread lich
 60956 | Zot:2    | Killed a dread lich
 61058 | Zot:2    | Noticed an ancient lich
 61082 | Zot:2    | Killed an ancient lich
 61242 | Zot:2    | Reached XP level 26. HP: 253/253 MP: 20/25
 61324 | Zot:2    | Noticed an ancient lich
 61353 | Zot:2    | Killed an ancient lich
 61354 | Zot:2    | Reached skill level 10 in Dodging
 61537 | Zot:2    | Identified the +6 mace of Tender Mercy {elec, *Corrode Fly
                  | Int+2 Dex+3}
 61594 | Zot:2    | Noticed a Killer Klown
 61620 | Zot:2    | Killed a Killer Klown
 62215 | Zot:2    | Found the +0 mask of the Dragon {Will+ Slay+3 SInv}
 62485 | Zot:3    | Reached skill level 15 in Throwing
 62644 | Zot:3    | Identified the +4 shortbow "Concordance" {heavy, ^Drain
                  | rElec rC+ Dex+3}
 63792 | Zot:4    | Noticed a Killer Klown
 63792 | Zot:4    | Noticed a Killer Klown
 63793 | Zot:4    | Noticed a dread lich
 63795 | Zot:4    | Noticed a Killer Klown
 63796 | Zot:4    | Noticed a Killer Klown
 63797 | Zot:4    | Noticed a Killer Klown
 63829 | Zot:3    | Killed a Killer Klown
 63890 | Zot:3    | Killed a Killer Klown
 63938 | Zot:3    | Killed a Killer Klown
 64058 | Zot:3    | Killed a dread lich
 64267 | Zot:4    | Killed a Killer Klown
 64311 | Zot:3    | Killed a Killer Klown
 64449 | Zot:4    | Reached XP level 27. HP: 233/260 MP: 25/25
 65107 | Zot:4    | Found a runed translucent door.
 65107 | Zot:4    | Noticed Heisao's ghost (legendary TrBe)
 65524 | Zot:4    | Found the +4 dragonskin cloak
 65524 | Zot:4    | Noticed Tiamat
 65584 | Zot:4    | Tiamat changed into Tiamat the shard shrike
 65584 | Zot:4    | Noticed Tiamat
 65594 | Zot:4    | Killed Tiamat the shard shrike
 65766 | Zot:4    | Identified the staff of Eternal Vigilance {rElec Str+4
                  | Dex+3 Air}
 65769 | Zot:4    | Got the Papyrus of Necrotic Frostbite
 66185 | Zot:5    | Entered Level 5 of the Realm of Zot
 66836 | Zot:5    | Noticed an orb of fire
 66837 | Zot:5    | Gained mutation: You occasionally shout uncontrollably at
                  | your foes. [an orb of fire]
 66844 | Zot:5    | Gained mutation: Your magical capacity is low. (-10% MP)
                  | [an orb of fire]
 66864 | Zot:4    | Gained mutation: You are frail. (-10% HP) [an orb of fire]
 66894 | Zot:4    | Killed an orb of fire
 67068 | Zot:5    | Noticed a dread lich
 67068 | Zot:5    | Noticed a dread lich
 67081 | Zot:5    | Noticed an orb of fire
 67085 | Zot:5    | Killed a dread lich
 67087 | Zot:5    | Killed a dread lich
 67103 | Zot:5    | Killed an orb of fire
 67362 | Zot:5    | Noticed an ancient lich
 67414 | Zot:5    | Noticed an ancient lich
 67426 | Zot:5    | Killed an ancient lich
 67429 | Zot:5    | Noticed an ancient lich
 67438 | Zot:5    | Killed an ancient lich
 67440 | Zot:5    | Noticed an orb of fire
 67442 | Zot:5    | Noticed an orb of fire
 67455 | Zot:5    | Killed an orb of fire
 67561 | Zot:5    | Noticed an ancient lich
 67571 | Zot:5    | Killed an ancient lich
 67736 | Zot:5    | Got the Orb of Zot
 67808 | Zot:3    | Noticed Lehiewk the pandemonium lord
 67869 | Zot:1    | Noticed Pept the pandemonium lord
 68307 | D:1      | Noticed Rettas the pandemonium lord
 68318 | D:1      | Noticed Soabef the pandemonium lord
 68322 | D:1      | Killed Rettas the pandemonium lord
 68349 | D:$      | Escaped with the Orb!

Illustrated notes

Levels and vault maps discovered:
D:1:      mainiacjoe_arrival_reflecting_pool, layout_loops_ring,
          hellmonk_ecumenical_altar_leap_of_faith
D:2:      layout_basic, uniq_sigmund
D:3:      layout_basic, grunt_temple_overflow_open,
          minmay_misc_feat_four_crosses
D:4:      layout_loops_ring, minmay_temple_entry_statues_fountains,
          nicolae_ossuary_entry_giza, glass_columns_c
D:5:      layout_cave_pools, regret_index_xom_buried_treasure,
          nicolae_qazlal_style_of_elements, hangedman_decor_points,
          minmay_misc_feat_square, uniq_ijyb, uniq_pikel
D:6:      layout_basic, nicolae_vehumet_radiance
D:7:      layout_cave_pods, mainiacjoe_overflow_tiny_flanked,
          mainiacjoe_overflow_concentric_impassable
D:8:      layout_rooms, mainiacjoe_overflow_paths, erik_lair_orcish_takeover,
          serial_shops, shop, kennysheep_dice
D:9:      layout_roguey, kennysheep_little_box, hex_large, disabler_island
D:10:     layout_long_grid, david_orc_1_choice, serial_shops, kennysheep_mini,
          uniq_urug
D:11:     minmay_bloctagon_deflated, layout_basic, minmay_circle_x, uniq_harold
D:12:     layout_gridville
D:13:     layout_roguey, lightli_vaults_fourway_checkpoint
D:14:     layout_roguey, nicolae_concentric_dashed_squares_mild, uniq_snorg,
          uniq_roxanne, uniq_josephine
D:15:     hangedman_depths_entry_civil_slaughter, layout_gridville,
          serial_rivers, chequers_serial_rivers_marsh,
          chequers_serial_rivers_small_b, chequers_serial_rivers_small_b,
          chequers_serial_rivers_small_a, chequers_serial_rivers_micro_c,
          serial_shops, shop, lemuel_round_altar, uniq_jorgrun
Lair:1:   layout_layer_cave, ebering_ghost_reflecting_pool, st_stairs_6,
          uniq_fannar, uniq_nergalle
Lair:2:   layout_loops_ring, shoals_dummy_entry, nicolae_snake_entry_squirm
Lair:3:   layout_big_grid, pond, lemuel_fruit_fields
Lair:4:   layout_regular_city, gauntlet_entry_generic
Lair:5:   cheibrodos_lair_end_hotspot, layout_cave_pods,
          nicolae_slime_entry_slimehenge, serial_forest,
          infiniplex_forest_clump_tiny, infiniplex_forest_straight_3,
          infiniplex_forest_zigzag_1, infiniplex_forest_clump_double,
          infiniplex_forest_corner_2, infiniplex_forest_join,
          infiniplex_forest_lined_corner, infiniplex_forest_straight_4
Shoals:1: layout_shoals, nicolae_shoals_stone_sculpture_thing,
          nicolae_shoals_lost_giant_hut
Shoals:2: layout_shoals, lemuel_centaur_altar
Shoals:3: layout_shoals, nicolae_shoals_circle_sea_wall,
          minmay_shop_enchanted_jewellery
Shoals:4: shoals_end_hellmonk_storm_palace [storm_palace_center_ruins,
          storm_palace_corner_reverse_hut, storm_palace_corner_pillars,
          storm_palace_corner_reverse_hut, storm_palace_corner_narrow]
Snake:1:  layout_layer_cave, uniq_mlioglotl
Snake:2:  layout_misc_corridors, uniq_vashnia, uniq_aizul
Snake:3:  nicolae_snake_unarmed_stairs_patrol, layout_misc_corridors, drop_trap
Snake:4:  grunt_snake_rune_pools, layout_gridlike, serial_shops, shop
Orc:1:    layout_diamond_mine, serial_shops, nicolae_shop_just_a_little_nook,
          shop, nicolae_shop_tiny_glass, shop, nicolae_shop_window_shopping,
          uniq_erica
Orc:2:    hellmonk_orc_salted, layout_diamond_mine, nicolae_orc_lava_room
Elf:1:    layout_rooms, gammafunk_ghost_cemetery, minmay_elf_demonology
Elf:2:    elven_hall_of_blades_hangedman_alternative
          [nicolae_blade_entry_splitting_headache], layout_geoelf_octagon,
          serial_shops, nicolae_lakefront_shop, portal_desolation_entry_salt
Elf:3:    minmay_elf_hall_hex, layout_geoelf_diagonals, serial_shops,
          nicolae_shop_temple_entry_statues_fountains, minivault_15
Vaults:1: hangedman_vaults_slice, dpeg_vaults_monster_box,
          hangedman_vaults_restitches, nicolae_vaults_double_plus_3,
          v_alt_pattern_1, ontoclasm_vaults_chip, st_squares,
          nicolae_vaults_trapezoid_lopsided_1, layout_vaults_omnigrid,
          serial_shops, shop_fountains
Vaults:2: minmay_crypt_entry_necro_gods, grunt_vaults_trifunnel,
          ontoclasm_vaults_bender, nicolae_vaults_closet_pinwheel_1,
          vaults_room_grid, grunt_vaults_hallway_long,
          nicolae_vaults_little_squares_1, v_misc_29, hangedman_vaults_hat,
          nicolae_vaults_offset_grid_hallway_1, vaults_dpeg_diagonal,
          hangedman_vaults_restitches, layout_vaults_maze_snakey,
          nicolae_trove_entry_crystal
Vaults:3: nicolae_vaults_closet_pinwheel_3, v_misc_25, v_misc_15,
          nicolae_vaults_tetromino_L_2, nicolae_vaults_shipping_containers_5,
          v_rooms_4, ontoclasm_vaults_ring_small,
          ontoclasm_vaults_claustrophobia, v_misc_12,
          nicolae_vaults_storage_room_water, nicolae_vaults_six-pack,
          nicolae_vaults_tetromino_Z_1, vaults_dpeg_emergency_exit,
          layout_vaults_big_cross, uniq_frederick, uniq_xtahua
Vaults:4: nicolae_vaults_storage_closets_1, nicolae_vaults_little_guard_posts,
          nicolae_vaults_house_3, hangedman_vaults_restitches,
          hangedman_vaults_snaps, vaults_mumra_minichess,
          nicolae_vaults_tetromino_L_1, layout_vaults_big_room
Vaults:5: uniq_margery, uniq_saint_roka
Depths:1: layout_gridlike, grunt_mini_vestibule, grunt_pan_entry_spiral,
          statue_in_the_mist_lemuel, minmay_variable_closet,
          nicolae_transporter_circle
Depths:2: grunt_runaround [grunt_runaround_loot, grunt_runaround_doors_1,
          grunt_runaround_doors_2, grunt_runaround_doors_3,
          grunt_runaround_doors_4], serial_shops, hell_entry, pan_entry
Depths:3: minmay_the_grid_four_pointed_star_mashed
          [minmay_the_grid_triangle_9x9_empty,
          minmay_the_grid_triangle_9x9_flanged_cone,
          minmay_the_grid_triangle_9x9_alien,
          minmay_the_grid_triangle_9x9_sparse_checkered,
          minmay_the_grid_prize_four_corners], layout_cave_shapes,
          nicolae_elevator_lobby_plus, hell_entry, gammafunk_ghost_crypt,
          abyss_entry
Depths:4: grunt_twist_and_shout, layout_twisted_cross,
          chequers_hall_statues_wall_a, gammafunk_ghost_wrathful_warriors,
          pf_hell_entry_great_geh
Zot:1:    layout_basic
Zot:2:    hangedman_zot_vaults_quadrants, layout_onion_interference,
          regret_index_zotdec_slimy_original,
          chequers_guarded_unrand_mask_of_the_dragon, uniq_josephina
Zot:3:    layout_cathedral_of_symmetry, regret_index_zotdec_iron_s
Zot:4:    ebering_klown_carousel, layout_twisted_circle, gammafunk_ghost_grave,
          st_grand_hoard_of_tiamat
Zot:5:    layout_misc_corridors, bh_zot_lava_cross

Skill      XL: |  1  2  3  4  5  6  7  8  9 10 11 12 13 14 15 16 17 18 19 20 21 22 23 24 25 26 27 |
---------------+----------------------------------------------------------------------------------+-----
Armour         | 2 3 4 5 7 9 10 11 12 13 14 15 16 17 18 19 | 19.6
Fighting       | 3 4 5 6 8 10 11 13 14 15 16 17 18 19 20 21 22 23 | 23.7
Axes           | 5 6 7 8 10 11 13 14 15 16 17 18 19 21 22 24 | 24.9
Dodging        | 2 3 4 6 7 9 12 14 | 14.4
Evocations     | 3 5 7 8 10 11 12 13 14 15 16 17 | 17.2
Throwing       | 1 4 6 8 9 13 16 20 | 20.3
Shields        | 5 9 11 13 15 17 19 20 22 24 25 26 | 26.2
Spellcasting   | |  1.6
Conjurations   | |  3.2

Action                     |  1- 3 |  4- 6 |  7- 9 | 10-12 | 13-15 | 16-18 | 19-21 | 22-24 | 25-27 || total
---------------------------+-------+-------+-------+-------+-------+-------+-------+-------+-------++-------
  Melee: Hand axe          |   118 |   277 |   382 |       |       |       |       |       |       ||   777
         Punch             |     1 |     4 |     5 |     7 |     6 |       |       |       |       ||    23
         Broad axe         |       |       |    96 |   503 |  1127 |  1463 |  1789 |  1844 |  2337 ||  9159
         Morningstar       |       |       |       |     5 |       |       |       |       |       ||     5
  Throw: Stone             |       |       |     3 |       |       |       |       |       |       ||     3
         Dart              |       |       |       |     8 |     5 |       |       |       |       ||    13
         Javelin           |       |       |       |       |    18 |     6 |     8 |       |    18 ||    50
   Cast: Kiss of Death     |     4 |     2 |     6 |       |       |       |       |       |       ||    12
 Invoke: Potion Petition   |       |       |       |     4 |       |       |     3 |     2 |     8 ||    17
         Call Merchant     |       |       |       |       |       |     2 |     2 |       |       ||     4
         Bribe Branch      |       |       |       |       |       |       |       |       |     2 ||     2
Ability: Evoke Invisibilit |       |       |       |       |       |       |       |       |     1 ||     1
  Evoke: Wand              |       |       |     5 |    14 |    33 |    27 |     2 |     1 |    31 ||   113
         Sack of spiders   |       |       |       |       |       |       |     2 |     1 |     3 ||     6
         Phantom mirror    |       |       |       |       |       |       |       |       |     1 ||     1
    Use: Scroll            |       |    12 |     5 |    12 |    12 |    15 |    10 |     6 |    19 ||    91
         Potion            |       |     3 |     5 |     5 |     2 |     9 |     1 |     1 |    20 ||    46
   Stab: Invisible         |       |       |       |     7 |       |       |       |       |    12 ||    19
         Petrified         |       |       |       |     2 |       |       |       |       |       ||     2
         Distracted        |       |       |       |     1 |     7 |    14 |     8 |    13 |    18 ||    61
         Confused          |       |       |       |       |       |       |     2 |       |       ||     2
         Held in net/web   |       |       |       |       |       |       |     1 |       |     1 ||     2
 Armour: Leather armour    |    77 |     3 |       |       |       |       |       |       |       ||    80
         Ring mail         |       |   133 |   208 |       |       |       |       |       |       ||   341
         Plate armour      |       |       |   190 |   558 |   964 |   957 |   738 |   841 |   981 ||  5229
  Dodge: Dodged            |    68 |   127 |   205 |   152 |   265 |   196 |   200 |   268 |   398 ||  1879
  Block: Tower shield      |       |       |       |       |   458 |  1420 |  1601 |  2047 |  2298 ||  7824
